Cogmind - Beta 17 @@@ ROGUE MODE // 2026.07.28 @ 20:29:36 Player: gorb Result: Destroyed by G-47 Trooper with Particle Gun Performance ------------- Evolutions (0) 0 Regions Visited (1) 200 Robots Destroyed (17) 85 Value Destroyed (340) 340 Prototype IDs (0) 0 Alien Tech Used (0) 0 Bonus (0) 0 TOTAL SCORE: 625 Bonus ------- None Cogmind --------- Core Integrity 0/250 Matter 300/300 Energy 117/125 System Corruption 0% Temperature Cool (45) Movement Walking (120) Location -10/Materials Parts ------- > --- POWER (1) -------- Light Ion Engine > --- PROPULSION (2) --- Improved Aluminum Leg Improved Aluminum Leg > --- UTILITY (2) ------ Small Storage Unit Power Shielding > --- WEAPON (2) ------- Small Laser Hammer > --- INVENTORY (8) ---- Light Ion Engine Improved Aluminum Leg Improved Aluminum Leg Visual Processing Unit Terrain Scan Processor Small Laser Peak State ------------ > --- POWER ------------ Light Ion Engine > --- PROPULSION ------- Improved Aluminum Leg Improved Aluminum Leg > --- UTILITY ---------- Small Storage Unit Power Shielding > --- WEAPON ----------- Small Laser Hammer > --- INVENTORY -------- Light Ion Engine Improved Aluminum Leg Improved Aluminum Leg Visual Processing Unit Terrain Scan Processor Small Laser [Rating: 10] Favorites ----------- Power Light Ion Engine Engine Light Ion Engine Propulsion Aluminum Leg Treads Light Treads Leg Aluminum Leg Utility Small Storage Unit Device Seismic Detector Storage Small Storage Unit Protection Power Shielding Weapon Small Laser Energy Gun Small Laser Launcher Grenade Launcher Impact Weapon Hammer Build | -11 -10 ------- Run | Yrd Mat Slots Evolved . | . . Power . | . . Propulsion . | . . Utility . | . . Weapon . | . . Parts Attached 22 | 9 13 Power 4 | 1 3 Engine 4 | 1 3 Core . | . . Reactor . | . . Propulsion 9 | 3 6 Treads 2 | 2 . Leg 7 | 1 6 Wheel . | . . Hover . | . . Flight . | . . Utility 5 | 3 2 Device 2 | 2 . Storage 2 | 1 1 Processor . | . . Hackware . | . . Protection 1 | . 1 Artifact . | . . Weapon 4 | 2 2 Energy Gun 2 | 2 . Energy Cannon . | . . Ballistic Gun . | . . Ballistic Cannon . | . . Launcher 1 | . 1 Special Weapon . | . . Impact Weapon 1 | . 1 Slashing Weapon . | . . Piercing Weapon . | . . Special Melee Weapon . | . . Unidentified Prototypes . | . . Parts Lost 10 | . 10 Power 2 | . 2 Propulsion 4 | . 4 Utility 2 | . 2 Weapon 2 | . 2 Highest Loss Streak 5 | . 5 To Critical Strikes . | . . Average Backups 3 | 4 3 Power 1 | . 1 Propulsion . | 1 . Utility . | . . Weapon . | . . Tool/Special . | . . Unused Backups 10 | . 10 Power 2 | . 2 Propulsion 4 | . 4 Utility 2 | . 2 Weapon 2 | . 2 Tool/Special . | . . Average Slot Usage (%) 88 | . 88 Engine 13 | . 13 Treads 7 | . 7 Leg 17 | . 17 Device 3 | . 3 Storage 14 | . 14 Protection 3 | . 3 Energy Gun 14 | . 14 Impact Weapon 11 | . 11 Peak Build Rating 10 | 8 10 Average Rating 6 | 5 6 On Entrance 3 | . 7 Avg Prop Armor Cover (%) . | . . Naked Turns . | . . Heaviest Build 88 | 13 88 Greatest Support 40 | 40 40 Greatest Overweight (x) 5 | . 5 Average Overweight (x) . | . . Largest Inventory Capacity 25 | 8 25 Average Capacity 8 | 6 8 Most Carried 6 | 5 6 Average Carried 3 | 4 3 Final Capacity 8 | 8 8 Final Carried 6 | 4 6 Class Distribution -------------------- 100% | Mutant Dominant Class ---------------- Mutant | -10/Materials Resources | -11 -10 ----------- Run | Yrd Mat Matter Collected 495 | 280 215 Remotely . | . . Salvage Created 515 | 151 364 Parts 40 | 8 32 Haulers Intercepted . | . . Recyclers Shooed 1 | 1 . Parts Field Recycled . | . . Retrieved Matter . | . . Parts Self-Destructed . | . . Prevented . | . . Parts Restored . | . . Kills | -11 -10 ------- Run | Yrd Mat Combat Hostiles Destroyed 7 | . 7 Melee 1 | . 1 Guns 6 | . 6 Classes Destroyed 6 | 2 4 Worker 3 | . 3 Builder 2 | . 2 Tunneler 3 | 2 1 Recycler 1 | 1 . Operator 1 | . 1 Grunt 7 | . 7 Best Kill Streak 3 | 2 3 Combat Bots Only 2 | . 2 Max Kills in Single Turn 3 | 1 3 Gunslinging . | . . Exploded . | . . Melee 1 | . 1 Uniques/NPCs Destroyed . | . . Combat | -11 -10 -------- Run | Yrd Mat Hostile Shots Fired 71 | . 71 Missed 19 | . 19 Hits 52 | . 52 Projectile 52 | . 52 AOE 1 | . 1 Critical Strikes 2 | . 2 Damage Taken 977 | . 977 Core 250 | . 250 Absorbed by Shields . | . . Core Remaining (%) 100 | 100 . Volleys Fired 69 | 8 61 Largest 1 | 1 1 Hottest 40 | 40 40 Shots Fired 69 | 8 61 Gun 63 | 8 55 Cannon . | . . Launcher 6 | . 6 Special . | . . Kinetic . | . . Thermal 63 | 8 55 Explosive 6 | . 6 Electromagnetic . | . . Robot Hit Streak 7 | 3 7 Robot Miss Streak 4 | 1 4 Penetration Max . | . . Secondary Targets . | . . Shots Hit Robots 57 | 6 51 Core Hits 34 | 4 30 Critical Kills 1 | . 1 Critical Parts Destroyed . | . . Critical Strikes 1 | . 1 Smash 1 | . 1 Melee Attacks 9 | . 9 Impact 9 | . 9 Slashing . | . . Piercing . | . . Sneak Attacks 2 | . 2 Combat Hostiles . | . . Follow-up Attacks . | . . Damage Inflicted 1068 | 62 1006 Guns 520 | 62 458 Cannons . | . . Explosions 293 | . 293 Melee 255 | . 255 Ramming . | . . Kinetic . | . . Thermal 520 | 62 458 Explosive 293 | . 293 Electromagnetic . | . . Impact 255 | . 255 Slashing . | . . Piercing . | . . Highest Corruption . | . . Average Corruption . | . . Corruption Purged . | . . Corruption Blocked . | . . Overload Shots . | . . Overflow Damage 93 | . 93 Projectiles . | . . Explosions 29 | . 29 Melee 64 | . 64 Knockbacks 2 | . 2 Impact 2 | . 2 Kinetic . | . . Secondary . | . . Self-Inflicted Damage 179 | . 179 Shots 5 | . 5 Rammed . | . . Targets Rammed . | . . Kicked . | . . Crushed . | . . Highest Temperature 135 | . 135 Average Temperature 51 | . 51 Received Heat Transfer 450 | . 450 Siege Activations . | . . Martial Activations . | . . Shielding Activations . | . . Robots Disrupted . | . . Combat Hostiles . | . . Robots Corrupted . | . . Combat Hostiles . | . . Parts Fried 1 | . 1 Impact Corruptions 4 | . 4 Robots Melted . | . . Combat Hostiles . | . . Parts Melted . | . . Heat Transferred 1175 | 150 1025 Parts Sabotaged . | . . Parts Stolen . | . . Parts Stripped . | . . Power Chain Reactions . | . . Alert | -11 -10 ------- Run | Yrd Mat Maximum Alert Level . | . . Low Security (%) 100 | 100 100 Level 1 . | . . Level 2 . | . . Level 3 . | . . Level 4 . | . . Level 5 . | . . High Security . | . . Max Security . | . . Peak Influence 43 | 5 43 Initial . | . . Average 5 | . 6 Influence Increases 284 | 15 269 Destroy 0b10 Robot/C 140 | . 140 Destroy 0b10 Robot/NC 50 | 15 35 Destroy Leader 30 | . 30 Successful Hack 8 | . 8 Disable Machine 30 | . 30 Destroy Structure 26 | . 26 Influence Decreases 284 | 15 269 Time Decay 209 | 15 194 Lost Part 75 | . 75 Squads Dispatched 1 | . 1 Investigation . | . . Extermination . | . . Reinforcement 1 | . 1 Assault . | . . Garrison . | . . Intercept . | . . Searches Triggered . | . . Construction Impeded . | . . Haulers Reinforced . | . . Active Scanning Responses . | . . Cargo Convoy Interrupts . | . . Stealth | -11 -10 --------- Run | Yrd Mat Distress Signals 1 | . 1 Communications Jammed . | . . Distress Signals . | . . Times Spotted 21 | . 21 Peak Tracking Total 6 | . 6 Tactical Retreats . | . . Traps | -11 -10 ------- Run | Yrd Mat Traps Triggered 2 | . 2 Indirectly . | . . Trap Hack Attempts . | . . Triggered . | . . Disarmed . | . . Reprogrammed . | . . Reused . | . . Traps Extracted . | . . Installed . | . . Triggered . | . . Machines | -11 -10 ---------- Run | Yrd Mat Machines Disabled 2 | . 2 Max in Single Turn 1 | . 1 Machines Repaired . | . . Machines Dismantled . | . . Machines Sabotaged . | . . Overloaded Fab Kills . | . . Hacking | -11 -10 --------- Run | Yrd Mat Machines Accessed 4 | . 4 Terminals 4 | . 4 Fabricators . | . . Repair Stations . | . . Recycling Units . | . . Scanalyzers . | . . Garrison Access . | . . Total Hacks 10 | . 10 Successful 5 | . 5 Failed 5 | . 5 Catastrophic . | . . Database Lockouts . | . . Manual 4 | . 4 Terminals 10 | . 10 Fabricators . | . . Repair Stations . | . . Recycling Units . | . . Scanalyzers . | . . Garrison Access . | . . Terminal Hacks 4 | . 4 Branch Access Points 1 | . 1 Alert Level 2 | . 2 Registered Components 1 | . 1 Fabricator Hacks . | . . Repair Station Hacks . | . . Recycling Unit Hacks . | . . Scanalyzer . | . . Garrison Access Hacks . | . . Unauthorized Hacks 1 | . 1 Terminals 1 | . 1 Botnet 1 | . 1 Fabricators . | . . Repair Stations . | . . Recycling Units . | . . Scanalyzers . | . . Garrison Access . | . . Data Cores Recovered . | . . Used . | . . Hacking Detections 2 | . 2 Full Trace Events . | . . Feedback Events . | . . Feedback Blocked . | . . Robot Schematics Acquired . | . . Robots Built . | . . Authchips . | . . Time . | . . Total Robot Build Rating . | . . Part Schematics Acquired . | . . Parts Built . | . . Authchips . | . . Time . | . . Total Part Build Rating . | . . Part Studies Acquired . | . . Parts Repaired . | . . Time . | . . Parts Recycled . | . . Recycled Matter . | . . Retrieved Matter . | . . Retrieved Components . | . . Parts Scanalyzed . | . . Part Schematics Acquired . | . . Parts Damaged . | . . Bothacking | -11 -10 ------------ Run | Yrd Mat Used RIF Installer . | . . Robots Hacked . | . . Non-combat . | . . Combat . | . . Robot Hacks Applied . | . . Relay Couplers Released . | . . Fabnet Peak Effective % . | . . Robots Rewired . | . . Allies Hacked . | . . Hacks Repelled . | . . Allies | -11 -10 -------- Run | Yrd Mat Total Allies . | . . Largest Group . | . . Highest-Rated Group . | . . Highest-Rated Ally . | . . Total Orders . | . . Ally Attacks . | . . Total Damage . | . . Kills . | . . Allies Corrupted . | . . Allies Melted . | . . Intel | -11 -10 ------- Run | Yrd Mat Active Infowar (turns) 432 | 124 308 Terrain 80 | 19 61 Seismic 352 | 105 247 Robot Analysis Total . | . . Derelict Logs Recovered . | . . Drone Launches . | . . Drone Recoveries . | . . Exploration | -11 -10 ------------- Run | Yrd Mat Turns Passed 1427 | 226 1201 Spaces Moved 746 | 108 638 Core 48 | 14 34 Treads 222 | 94 128 Legs 476 | . 476 Wheels . | . . Hover . | . . Flight . | . . Fastest Speed 50 | 50 120 Average Speed 134 | 145 133 Slowest Speed 320 | 160 320 Overloaded Moves . | . . Propulsion Burnouts . | . . Robots Hopped . | . . Potential Cave-ins . | . . Cave-ins Triggered . | . . Exploration Rate (%) 47 | 5 90 Regions Visited 1 Branch Regions . Pre-discovered Areas . | . . Known Exits Taken . | . . Unknown Exits Taken 1 | 1 . Scrap Searched . | . . Spaces Dug . | . . Terrain Destroyed 36 | . 36 Melee . | . . Projectile . | . . AOE 36 | . 36 Terrain Rammed . | . . Walls Destroyed . | . . Machines Disabled . | . . Actions | -11 -10 --------- Run | Yrd Mat Total 1086 | 168 918 Wait 199 | 34 165 Move 745 | 107 638 Hop . | . . Pick Up 30 | 9 21 Fast Attach 2 | 2 . Attach 20 | 6 14 Detach 1 | 1 . Swap 3 | 1 2 Drop 8 | . 8 Fire 69 | 8 61 Melee 9 | . 9 Ram . | . . Kick . | . . Crush . | . . Escape Stasis . | . . Rewire . | . . Trap . | . . Miscellaneous . | . . Route ------- -11/Scrapyard -10/Materials (discovered 6 exits: [*Mat x3] / *Min x2 / [*Sub]) History --------- Turn | Location | Event 5 | -11/Scrapyard | Discovered new exit (range 15) 227 | -11/Scrapyard | Entered Materials 315 | -10/Materials | Build established: Mutant 473 | -10/Materials | Discovered new exit (range 14) 561 | -10/Materials | Core integrity fell below 50% 587 | -10/Materials | Lost 3 parts (1p1n1w) 656 | -10/Materials | Discovered new exit (range 6) 676 | -10/Materials | Lost 5 parts (1p2n1u1w) 753 | -10/Materials | Discovered new exit (range 13) 916 | -10/Materials | Discovered new exit (range 5) 1015 | -10/Materials | Discovered new exit (range 13) 1041 | -10/Materials | Discovered new exit (range 16) 1161 | -10/Materials | Identified exit to Mines 1421 | -10/Materials | Core integrity fell below 20% 1428 | -10/Materials | Destroyed by G-47 Trooper with Particle Gun Last Messages --------------- Acquired Terrain Scan Processor. Acquired 33 matter. Acquired 7 matter. Sneak attack on U-05 Engineer. U-05 Engineer destroyed. Sneak attack on O-16 Technician. Destroyed Hacking Suite. Destroyed Hover Unit. Destroyed Datajack. O-16 Technician system corrupted by crushing effect. Lgt. Ion Engine fried. O-16 Technician destroyed. K-01 Serf collects debris. Connecting with Terminal... >>Trojan(Botnet) Trojan loaded successfully. Testing... Terminal linked with 0 systems. Awaiting botnet instructions. Map ----- +----------------------------------------------------+ | | | | | | | | | | | | | | | | | | | | | | | | | | | | | ????????????##########??#????????????????????????? | | ????????????# #????????????????????????? | | ????????????#"" """ """ ##########???????????????? | | ????????????#"Y """ """ # #???????????????? | | ????????????#"" """ """ # #???????????????? | | ????????????# # #######?????????? | | ????????????# # ## #?????????? | | ????????????# ! # | ##% " #?????????? | | ????????###########+##### ## T #?????????? | | ######### ## ## " #?????????? | | < g ## #?????????? | | ######### ##@ ## #?????????? | | ??????######+####### ######+##### #?????????? | | ??????# # #???# + ########### | | ??????# [ ! # ##### # ! # | | ??????# "Y" # ###### """ """ | | ??????# """ # + """ """ | | ??????# = # ######### """ """ | | ??????###+########## """ = #???????# | | ??????????????????# """ #???????###+####### | | ????????????????? """ #???????# ##### | | ???????? T ???? #?####### | | ???????? ?? | | ??????? ?###### ### #?????# | | ???????# #??????###+###?# #?????# % %##### | | ???????# #??????????????#! !#?????## #### #?? | | ???????# #??????????????##!!!!##?????## # #?? | | ???????# #???????????????######??????## ######?? | | ???????# #???????????????????????????##%#####??? | | ???????# #?????????????????#????#????## ######## | | ???????# #???????????????????????????## # | | ???????# #?????????????????????????####*# | | ???????# #???????? ???????????????## # # | | ???????# #??#######???#########???##### # ! | | ????#### #### ##### ##### # | | ##### ^ # / | +----------------------------------------------------+ Best States ------------- Heat Dissipation 25 Energy Generation 10 Energy Capacity 250 Matter Stores 300 Matter Capacity 300 Sight Range 16 Terrain Scan Range 16 Terrain Scan Density 10 Power Shielding 33 Evasion (%) 55 Recoil Reduction 2 Item Schematics ----------------- None Robot Schematics ------------------ None Fabricated ------------ Nothing Repaired ---------- Nothing Studied --------- None Alien Tech Used ----------------- None Achievements -------------- None Challenges ------------ None Game ------ Seed CloakGammaPower Manual? 0 Play Time 00:12:50 Cumulative 48.6 hours Start 2026.07.28 @ 20:13:44 End 2026.07.28 @ 20:29:36 Sessions 1 Manual Loads 0 Difficulty Rogue Special Mode None Game No. 87 Rogue 85 Adventurer 0 Explorer 2 Win Type - Total 0 Types 0/0/0/0/0/0/0/0/0/0 Lore% 26 Gallery% 29 Achievement% 21 Wizard Run 0 Options --------- Layout 1 ASCII 0 Keyboard 0 Movement Mouse Keybinds 0 Fullscreen 1 Font 24/Smallcaps Map View 50x35 Zoom Use 0% Tactical HUD 0 Map Filters NONE Filters NONE Steam 1 RUN: a29bc27f-7240-4986-8fc6-5b1ce54a530a